[ AOE2 MATCH · #513952501 ]
UnrankedSicilians vs Berbers
Player's team · WIN
Rival team · LOSS
[ REPLAY ANALYSIS · EXTRACTED FROM THE RECORDED GAME ]
Feudal
11:08
Castle
23:07
Imperial
—
| APM avg | 69.4 |
| APM peak | 148 |
| eAPM avg | 31.8 |
| Villagers / military | 51 / 33 |
Focus
⚔️ 57.3% · 🌾 42.7%
Archer ×30 · Monk ×2 · Mangonel ×1
Feudal
13:02
Castle
24:54
Imperial
—
| APM avg | 37.5 |
| APM peak | 86 |
| eAPM avg | 25.6 |
| Villagers / military | 54 / 3 |
Focus
⚔️ 40.8% · 🌾 59.2%
Mangonel ×3
Match map
Initial resources + every placement click. Lines = walls · curves = elevation contours. ◆ gold · ⬟ stone · ● berries · ✦ relic · ◌ wall gap
Your base· Open — unwalled flank
Malik Bhai's base· Open — unwalled flank
Smoothed initial terrain · ◌ = detected wall gap · hover for details
Inputs per minute
— troll_oscuro - - Malik Bhai
Build order — troll_oscuro
First 150 of 187 actions detected
| 0:00 | Queue | Villager (Male) |
| 0:00 | Queue | Villager (Male) |
| 0:03 | Build | House |
| 0:04 | Build | House |
| 0:09 | Queue | Villager (Male) |
| 0:09 | Queue | Villager (Male) |
| 1:18 | Build | House |
| 1:20 | Build | House |
| 1:44 | Queue | Villager (Male) |
| 1:45 | Queue | Villager (Male) |
| 2:11 | Queue | Villager (Male) |
| 2:11 | Queue | Villager (Male) |
| 2:37 | Queue | Villager (Male) |
| 3:04 | Queue | Villager (Male) |
| 3:05 | Queue | Villager (Male) |
| 3:17 | Build | Lumber Camp |
| 3:29 | Queue | Villager (Male) |
| 3:29 | Queue | Villager (Male) |
| 3:56 | Queue | Villager (Male) |
| 3:56 | Queue | Villager (Male) |
| 4:03 | Queue | Villager (Male) |
| 4:04 | Queue | Villager (Male) |
| 4:19 | Queue | Villager (Male) |
| 4:20 | Queue | Villager (Male) |
| 4:55 | Queue | Villager (Male) |
| 4:55 | Queue | Villager (Male) |
| 5:21 | Queue | Villager (Male) |
| 6:20 | Queue | Villager (Male) |
| 6:39 | Queue | Villager (Male) |
| 6:46 | Build | Mill |
| 7:16 | Queue | Villager (Male) |
| 7:56 | Research | Loom |
| 8:21 | Queue | Villager (Male) |
| 8:46 | Build | House |
| 8:48 | Build | Palisade Wall |
| 8:59 | Research | Feudal Age |
| 8:59 | Research | Feudal Age |
| 9:46 | Build | Mining Camp |
| 9:50 | Build | House |
| 10:06 | Build | Farm |
| 10:12 | Build | Palisade Wall |
| 10:13 | Build | Palisade Wall |
| 10:14 | Build | Palisade Wall |
| 10:17 | Build | Palisade Wall |
| 10:39 | Build | Barracks |
| 10:43 | Queue | Villager (Male) |
| 11:08 | Age | Feudal Age |
| 11:10 | Build | House |
| 11:19 | Research | Double-Bit Axe |
| 11:21 | Build | Palisade Wall |
| 11:23 | Build | Archery Range |
| 11:32 | Queue | Villager (Male) |
| 11:36 | Build | Farm |
| 11:51 | Build | Palisade Wall |
| 11:52 | Build | Palisade Wall |
| 11:55 | Build | Palisade Wall |
| 11:57 | Build | Palisade Wall |
| 11:59 | Build | Palisade Wall |
| 12:02 | Build | Palisade Wall |
| 12:11 | Build | Palisade Wall |
| 12:13 | Build | Palisade Wall |
| 12:18 | Queue | Archer |
| 12:19 | Queue | Archer |
| 12:19 | Queue | Archer |
| 12:21 | Build | Farm |
| 12:21 | Queue | Villager (Male) |
| 12:39 | Build | Farm |
| 12:42 | Build | Farm |
| 12:42 | Queue | Villager (Male) |
| 12:43 | Queue | Archer |
| 12:50 | Build | Blacksmith |
| 13:04 | Queue | Villager (Male) |
| 13:17 | Build | Farm |
| 13:35 | Queue | Archer |
| 14:04 | Queue | Archer |
| 14:13 | Queue | Archer |
| 14:31 | Queue | Archer |
| 14:31 | Queue | Villager (Male) |
| 15:05 | Queue | Archer |
| 16:13 | Research | Fletching |
| 16:13 | Research | Fletching |
| 16:14 | Research | Fletching |
| 16:18 | Build | Farm |
| 16:18 | Build | Farm |
| 16:18 | Build | Farm |
| 16:18 | Build | Farm |
| 16:19 | Build | Farm |
| 16:19 | Build | Farm |
| 16:19 | Build | Farm |
| 16:19 | Build | Farm |
| 16:19 | Build | Farm |
| 17:10 | Queue | Villager (Male) |
| 17:12 | Queue | Villager (Male) |
| 17:15 | Queue | Archer |
| 17:15 | Queue | Archer |
| 17:40 | Queue | Villager (Male) |
| 17:41 | Queue | Archer |
| 17:48 | Queue | Villager (Male) |
| 18:00 | Build | House |
| 18:03 | Build | Farm |
| 18:04 | Research | Horse Collar |
| 18:39 | Build | Farm |
| 18:42 | Queue | Archer |
| 19:02 | Build | Palisade Wall |
| 19:02 | Build | Palisade Wall |
| 19:02 | Build | Palisade Wall |
| 19:03 | Build | Palisade Wall |
| 19:03 | Build | Palisade Wall |
| 19:03 | Build | Palisade Wall |
| 19:03 | Build | Palisade Wall |
| 19:17 | Queue | Villager (Male) |
| 19:18 | Queue | Archer |
| 19:29 | Queue | Archer |
| 19:44 | Queue | Villager (Male) |
| 19:46 | Build | Farm |
| 20:22 | Build | Farm |
| 20:28 | Research | Castle Age |
| 20:28 | Research | Castle Age |
| 20:28 | Research | Castle Age |
| 20:35 | Build | Palisade Wall |
| 20:35 | Build | Palisade Wall |
| 20:35 | Build | Palisade Wall |
| 20:36 | Build | Palisade Wall |
| 20:36 | Build | Palisade Wall |
| 20:36 | Build | Palisade Wall |
| 20:37 | Build | Palisade Wall |
| 20:37 | Build | Palisade Wall |
| 20:47 | Build | Farm |
| 21:29 | Queue | Archer |
| 21:29 | Research | Gold Mining |
| 21:34 | Build | Palisade Wall |
| 21:35 | Build | Palisade Wall |
| 21:35 | Build | Palisade Wall |
| 21:35 | Build | Palisade Wall |
| 21:35 | Build | Palisade Wall |
| 21:36 | Build | Palisade Wall |
| 21:36 | Build | Palisade Wall |
| 21:36 | Build | Palisade Wall |
| 21:36 | Build | Palisade Wall |
| 21:37 | Build | Palisade Wall |
| 21:37 | Build | Palisade Wall |
| 21:56 | Build | House |
| 22:08 | Build | House |
| 22:09 | Build | House |
| 22:12 | Queue | Villager (Male) |
| 23:07 | Age | Castle Age |
| 23:10 | Research | Bodkin Arrow |
| 23:11 | Research | Crossbowman (upgrade) |
| 23:11 | Research | Crossbowman (upgrade) |
| 23:14 | Queue | Villager (Male) |
Build order — Malik Bhai
148 actions detected in the replay
| 0:00 | Research | Loom |
| 0:01 | Research | Loom |
| 0:02 | Build | House |
| 0:06 | Queue | Villager (Male) |
| 0:06 | Queue | Villager (Male) |
| 0:07 | Queue | Villager (Male) |
| 0:10 | Queue | Villager (Male) |
| 1:17 | Build | House |
| 1:24 | Build | House |
| 1:45 | Queue | Villager (Male) |
| 2:08 | Build | House |
| 2:48 | Queue | Villager (Male) |
| 3:12 | Queue | Villager (Male) |
| 3:12 | Queue | Villager (Male) |
| 3:12 | Queue | Villager (Male) |
| 3:34 | Queue | Villager (Male) |
| 3:34 | Queue | Villager (Male) |
| 3:40 | Build | Palisade Wall |
| 3:41 | Build | Palisade Wall |
| 3:46 | Build | Palisade Wall |
| 3:50 | Build | Palisade Wall |
| 3:53 | Queue | Villager (Male) |
| 3:53 | Queue | Villager (Male) |
| 4:23 | Queue | Villager (Male) |
| 4:24 | Queue | Villager (Male) |
| 4:24 | Queue | Villager (Male) |
| 4:35 | Queue | Villager (Male) |
| 4:36 | Queue | Villager (Male) |
| 4:36 | Queue | Villager (Male) |
| 4:52 | Queue | Villager (Male) |
| 5:10 | Build | House |
| 6:11 | Queue | Villager (Male) |
| 6:16 | Build | Mill |
| 6:35 | Queue | Villager (Male) |
| 7:10 | Queue | Villager (Male) |
| 7:36 | Build | Palisade Wall |
| 7:37 | Build | Palisade Wall |
| 7:40 | Queue | Villager (Male) |
| 8:01 | Queue | Villager (Male) |
| 8:08 | Build | Palisade Wall |
| 8:10 | Build | House |
| 8:24 | Build | Palisade Wall |
| 8:25 | Build | Palisade Wall |
| 8:28 | Build | Palisade Wall |
| 8:34 | Build | Palisade Wall |
| 8:38 | Queue | Villager (Male) |
| 9:09 | Build | Mill |
| 9:16 | Queue | Villager (Male) |
| 9:35 | Build | Palisade Wall |
| 9:44 | Build | Palisade Wall |
| 9:53 | Queue | Villager (Male) |
| 10:17 | Build | Lumber Camp |
| 10:28 | Queue | Villager (Male) |
| 10:38 | Research | Feudal Age |
| 10:38 | Research | Feudal Age |
| 10:52 | Build | Palisade Wall |
| 11:10 | Build | Palisade Wall |
| 11:11 | Build | Palisade Wall |
| 12:17 | Build | Mining Camp |
| 12:48 | Build | Palisade Wall |
| 12:54 | Build | Palisade Wall |
| 13:02 | Age | Feudal Age |
| 13:05 | Build | Palisade Wall |
| 13:06 | Build | Palisade Wall |
| 13:11 | Build | Watch Tower |
| 13:20 | Queue | Villager (Male) |
| 13:23 | Build | Farm |
| 13:25 | Build | House |
| 14:39 | Queue | Villager (Male) |
| 14:47 | Build | Palisade Wall |
| 15:09 | Queue | Villager (Male) |
| 15:10 | Build | Farm |
| 15:11 | Build | Farm |
| 15:11 | Build | Farm |
| 15:12 | Queue | Villager (Male) |
| 15:16 | Build | House |
| 15:30 | Build | Palisade Wall |
| 15:31 | Build | Palisade Wall |
| 15:38 | Build | Watch Tower |
| 15:43 | Queue | Villager (Male) |
| 15:45 | Build | Farm |
| 15:59 | Queue | Villager (Male) |
| 16:05 | Build | House |
| 16:34 | Build | Farm |
| 16:36 | Build | Farm |
| 16:37 | Build | Farm |
| 16:38 | Queue | Villager (Male) |
| 16:39 | Build | Farm |
| 16:55 | Queue | Villager (Male) |
| 17:06 | Queue | Villager (Male) |
| 17:22 | Queue | Villager (Male) |
| 17:25 | Build | Mill |
| 17:27 | Build | Farm |
| 17:27 | Build | Farm |
| 17:27 | Build | Farm |
| 17:40 | Build | Farm |
| 17:42 | Queue | Villager (Male) |
| 17:46 | Build | Farm |
| 18:15 | Queue | Villager (Male) |
| 18:26 | Build | Blacksmith |
| 18:34 | Build | Watch Tower |
| 18:37 | Queue | Villager (Male) |
| 18:56 | Queue | Villager (Male) |
| 19:01 | Build | Farm |
| 19:15 | Build | Farm |
| 19:18 | Build | Farm |
| 19:22 | Queue | Villager (Male) |
| 19:27 | Build | Mill |
| 19:52 | Build | House |
| 19:55 | Build | Palisade Wall |
| 19:58 | Queue | Villager (Male) |
| 20:17 | Build | Watch Tower |
| 20:35 | Queue | Villager (Male) |
| 20:54 | Build | Mining Camp |
| 21:01 | Queue | Villager (Male) |
| 21:22 | Queue | Villager (Male) |
| 21:23 | Build | Market |
| 21:38 | Build | Farm |
| 21:59 | Research | Castle Age |
| 21:59 | Research | Castle Age |
| 22:17 | Build | House |
| 22:19 | Build | Palisade Wall |
| 22:20 | Build | Palisade Wall |
| 22:22 | Build | Palisade Wall |
| 22:32 | Research | Fletching |
| 22:32 | Research | Fletching |
| 22:32 | Research | Fletching |
| 23:14 | Build | Farm |
| 23:22 | Build | Lumber Camp |
| 23:28 | Build | Farm |
| 23:59 | Build | Watch Tower |
| 24:19 | Build | House |
| 24:20 | Build | House |
| 24:22 | Build | House |
| 24:27 | Build | Palisade Wall |
| 24:36 | Queue | Villager (Male) |
| 24:54 | Age | Castle Age |
| 24:57 | Build | Siege Workshop |
| 25:13 | Queue | Mangonel |
| 25:14 | Queue | Mangonel |
| 25:22 | Build | Town Center |
| 25:43 | Queue | Villager (Male) |
| 26:36 | Queue | Villager (Male) |
| 26:59 | Queue | Villager (Male) |
| 27:00 | Queue | Villager (Male) |
| 27:46 | Queue | Mangonel |
| 28:17 | Queue | Villager (Male) |
| 28:46 | Build | Castle |
Match timeline
| 3:40 | Malik Bhai · wall_segment Palisade Wall x1 |
| 3:41 | Malik Bhai · wall_segment Palisade Wall x1 |
| 3:46 | Malik Bhai · wall_segment Palisade Wall x1 |
| 3:50 | Malik Bhai · wall_segment Palisade Wall x1 |
| 7:36 | Malik Bhai · wall_segment Palisade Wall x3 |
| 7:37 | Malik Bhai · wall_segment Palisade Wall x1 |
| 8:08 | Malik Bhai · wall_segment Palisade Wall x1 |
| 8:24 | Malik Bhai · wall_segment Palisade Wall x1 |
| 8:25 | Malik Bhai · wall_segment Palisade Wall x1 |
| 8:28 | Malik Bhai · wall_segment Palisade Wall x1 |
| 8:34 | Malik Bhai · wall_segment Palisade Wall x1 |
| 8:48 | troll_oscuro · wall_segment Palisade Wall x1 |
| 9:35 | Malik Bhai · wall_segment Palisade Wall x1 |
| 9:44 | Malik Bhai · wall_segment Palisade Wall x1 |
| 10:12 | troll_oscuro · wall_segment Palisade Wall x1 |
| 10:13 | troll_oscuro · wall_segment Palisade Wall x1 |
| 10:14 | troll_oscuro · wall_segment Palisade Wall x1 |
| 10:17 | troll_oscuro · wall_segment Palisade Wall x1 |
| 10:39 | troll_oscuro · first_building Barracks |
| 10:52 | Malik Bhai · wall_segment Palisade Wall x1 |
| 11:08 | troll_oscuro · age_up feudal |
| 11:10 | Malik Bhai · wall_segment Palisade Wall x1 |
| 11:11 | Malik Bhai · wall_segment Palisade Wall x1 |
| 11:21 | troll_oscuro · wall_segment Palisade Wall x1 |
| 11:23 | troll_oscuro · first_building Archery Range |
| 11:51 | troll_oscuro · wall_segment Palisade Wall x1 |
| 11:52 | troll_oscuro · wall_segment Palisade Wall x1 |
| 11:55 | troll_oscuro · wall_segment Palisade Wall x1 |
| 11:57 | troll_oscuro · wall_segment Palisade Wall x1 |
| 11:59 | troll_oscuro · wall_segment Palisade Wall x1 |
| 12:02 | troll_oscuro · wall_segment Palisade Wall x1 |
| 12:11 | troll_oscuro · wall_segment Palisade Wall x1 |
| 12:13 | troll_oscuro · wall_segment Palisade Wall x1 |
| 12:48 | Malik Bhai · wall_segment Palisade Wall x1 |
| 12:54 | Malik Bhai · wall_segment Palisade Wall x1 |
| 13:02 | Malik Bhai · age_up feudal |
| 13:05 | Malik Bhai · wall_segment Palisade Wall x3 |
| 13:06 | Malik Bhai · wall_segment Palisade Wall x1 |
| 14:47 | Malik Bhai · wall_segment Palisade Wall x1 |
| 15:30 | Malik Bhai · wall_segment Palisade Wall x1 |
| 15:31 | Malik Bhai · wall_segment Palisade Wall x1 |
| 19:02 | troll_oscuro · wall_segment Palisade Wall x1 |
| 19:02 | troll_oscuro · wall_segment Palisade Wall x2 |
| 19:02 | troll_oscuro · wall_segment Palisade Wall x1 |
| 19:03 | troll_oscuro · wall_segment Palisade Wall x2 |
| 19:03 | troll_oscuro · wall_segment Palisade Wall x2 |
| 19:03 | troll_oscuro · wall_segment Palisade Wall x1 |
| 19:03 | troll_oscuro · wall_segment Palisade Wall x1 |
| 19:55 | Malik Bhai · wall_segment Palisade Wall x1 |
| 20:35 | troll_oscuro · wall_segment Palisade Wall x1 |
| 20:35 | troll_oscuro · wall_segment Palisade Wall x1 |
| 20:35 | troll_oscuro · wall_segment Palisade Wall x2 |
| 20:36 | troll_oscuro · wall_segment Palisade Wall x1 |
| 20:36 | troll_oscuro · wall_segment Palisade Wall x1 |
| 20:36 | troll_oscuro · wall_segment Palisade Wall x1 |
| 20:37 | troll_oscuro · wall_segment Palisade Wall x2 |
| 20:37 | troll_oscuro · wall_segment Palisade Wall x1 |
| 21:34 | troll_oscuro · wall_segment Palisade Wall x1 |
| 21:35 | troll_oscuro · wall_segment Palisade Wall x1 |
| 21:35 | troll_oscuro · wall_segment Palisade Wall x2 |
| 21:35 | troll_oscuro · wall_segment Palisade Wall x1 |
| 21:35 | troll_oscuro · wall_segment Palisade Wall x2 |
| 21:36 | troll_oscuro · wall_segment Palisade Wall x1 |
| 21:36 | troll_oscuro · wall_segment Palisade Wall x1 |
| 21:36 | troll_oscuro · wall_segment Palisade Wall x1 |
| 21:36 | troll_oscuro · wall_segment Palisade Wall x1 |
| 21:37 | troll_oscuro · wall_segment Palisade Wall x2 |
| 21:37 | troll_oscuro · wall_segment Palisade Wall x1 |
| 21:57 | Malik Bhai · first_market_sell 100 wood |
| 22:19 | Malik Bhai · wall_segment Palisade Wall x1 |
| 22:20 | Malik Bhai · wall_segment Palisade Wall x1 |
| 22:22 | Malik Bhai · wall_segment Palisade Wall x1 |
| 23:07 | troll_oscuro · age_up castle |
| 23:28 | troll_oscuro · first_building Donjon |
| 24:27 | Malik Bhai · wall_segment Palisade Wall x1 |
| 24:54 | Malik Bhai · age_up castle |
| 24:57 | Malik Bhai · first_building Siege Workshop |
| 25:33 | troll_oscuro · first_building Monastery |
| 27:02 | troll_oscuro · first_building Siege Workshop |
| 28:21 | Malik Bhai · first_market_buy 100 stone |
| 28:46 | Malik Bhai · first_building Castle |
| 29:28 | Malik Bhai · resign |
[ AI ANALYSIS · 1 CREDIT ]
What really happened in this match?
Wolo.gg analyzes every decision: build order, eco, micro, common mistakes by bracket. Personalized analysis on WhatsApp or Discord in 30 seconds.
Civ guide
Sicilians
Perfil
troll_oscuro